 Dungeon Crawl Stone Soup version 0.28-a0-616-gdeb3d7f7b4 (webtiles) character file.

Game seed: 9226726286831084161

42 KristoblXynda the Slasher (level 3, -12/30 HPs)
             Began as a Draconian Gladiator on Oct 6, 2021.
             Killed by divine providence
             ... invoked by an orc priest
              (16 damage)
             ... on level 1 of the Dungeon.
             The game lasted 00:01:13 (1242 turns).

KristoblXynda the Slasher (Draconian Gladiator)     Turns: 1242, Time: 00:01:14

Health: -12/30     AC:  6    Str: 16    XL:     3   Next: 35%
Magic:  3/3        EV: 12    Int:  9    God:
Gold:   61         SH:  0    Dex: 12    Spells: 2/2 levels left

rFire   . . .      SeeInvis .   a - +0 long sword
rCold   . . .      Faith    .   (no shield)
rNeg    . . .      Spirit   .   (armour unavailable)
rPois   .          Reflect  .   b - +0 hat
rElec   .          Harm     .   (no cloak)
rCorr   .          Rampage  .   d - +0 pair of gloves
Will    .....                   (no boots)
Stlth   +.........              (no amulet)
HPRegen 0.10/turn               (no ring)
MPRegen 0.08/turn               (no ring)

@: no status effects
A: AC +5, unfitting armour, cold-blooded
a: no special abilities


You were on level 1 of the Dungeon.
You visited 1 branch of the dungeon, and saw 2 of its levels.

You collected 61 gold pieces.

Inventory:

Hand Weapons
 a - a +0 long sword (weapon)
Missiles
 c - 3 throwing nets (quivered)
Armour
 b - a +0 hat (worn)
 d - a +0 pair of gloves (worn)


   Skills:
 + Level 2.8 Fighting
 * Level 3.6 Long Blades
 - Level 2.0 Throwing
 + Level 3.0 Dodging


You had 2 spell levels left.
You didn't know any spells.
Your spell library contained the following spells:

 Spells                   Type           Power      Damage    Failure   Level
 Ensorcelled Hibernation  Hex/Ice        0%         N/A       52%         2
 Tukima's Dance           Hex            0%         N/A       77%         3


Dungeon Overview and Level Annotations

Branches:
Dungeon (2/15)

Altars:

Shops:
D:2 (


Innate Abilities, Weirdness & Mutations

Your plain brown scales are hard. (AC +5)
You cannot fit into any form of body armour.
You are cold-blooded and may be slowed by cold attacks.


Message History

Found Mulla's Weapon Shop.
There is a stone staircase leading up here.
There are monsters nearby!
Unknown command.
The orc wizard hits you but does no damage.
The orc priest mumbles some strange prayers to Beogh against you.
Beogh smites you!
Ouch! That really hurt!
The orc hits you with a +0 club.
You climb upwards.
There is a stone staircase leading down here.
The orc wizard hits you with a +0 dagger.
* * * LOW HITPOINT WARNING * * *
The orc priest hits you with a +0 falchion.
* * * LOW HITPOINT WARNING * * *
The orc wizard casts a spell.
The orc wizard flickers and vanishes!
Deactivating autopickup; reactivate with Ctrl-A.
The orc priest looks encouraged for a moment.
You see here a +0 short sword.
You hear some strange, mumbled words.
You are confused.
Unknown command.
You are too confused!
Unknown command.
You aren't carrying any potions.
Unknown command.
You bump into the rock wall.
The orc hits you but does no damage.
You are too confused!
You feel less confused.
You aren't carrying any potions.
As you read the scroll labelled SOESSO SONUOQAHIO, it crumbles to dust.
It is a scroll of identify.
You don't have any unidentified items.
The orc priest casts a cantrip, but nothing happens.
The orc closely misses you.
The orc priest mumbles some strange prayers to Beogh against you.
Beogh smites you!
Ouch! That really hurt!
You die...

..))........#####.##.........####
###..#..P♣......#..)o>...........
..........P♣..#.#o##..#.#..#.####
###.##....P♣..#.#.##..#.#..#†## #
#.##.#......#.#.##..........# #
#.##......#.#.#.###...#..##.#
###.##.#.#.##.#.#o..#...#..##[#
....##.#.#....#.#.#.#.........#
###.##..........@...#.#.....#.#
#.##.#.#.##.#.#.#.#.#.....#.#
#.##..........#.#.#.#.....#.#
#.##.#........#.#.#.#.....#.###
#.##.##########................
###.##.# #.#.#.#.###.#.###
....##.# #.#.#.#.# #.### ########
#.#.#.#.# #.# #.#.#.#.###.#


You could see an orc priest and an orc.

Vanquished Creatures
  A dart slug (D:1)
  A ball python (D:1)
  3 endoplasms (D:1)
  A giant cockroach (D:1)
  2 goblins (D:1)
  6 hobgoblins (D:1)
  8 jackals (D:1)
  2 quokkas (D:1)
  A bat (D:1)
  3 frilled lizards (D:1)
  4 kobolds (D:1)
  2 rats (D:1)
34 creatures vanquished.

Notes
Turn   | Place    | Note
-------+----------+-------------------------------------------
     0 | D:1      | KristoblXynda the Draconian Gladiator began the quest for
                  | the Orb.
     0 | D:1      | Reached XP level 1. HP: 17/17 MP: 1/1
   323 | D:1      | Reached XP level 2. HP: 25/25 MP: 2/2
   591 | D:1      | Reached XP level 3. HP: 15/30 MP: 3/3
  1228 | D:2      | Found Mulla's Weapon Shop.
  1242 | D:1      | Killed from afar by an orc priest

Illustrated notes

Levels and vault maps discovered:
D:1:      dpeg_arrival_boxes_within_box, layout_basic, serial_park_tiny_2
D:2:      layout_rooms, basic_ecumenical_altar, serial_shops, shop, basic_altar,
          minmay_pentomino_q4

Skill      XL: |  1  2 |
---------------+-------+-----
Throwing       | 2 |  2.0
Dodging        | 3 |  3.0
Fighting       | |  2.8
Long Blades    | |  3.6

Action                   || total
-------------------------++-------
Melee: Long sword        ||    76
       Tailslap          ||     7
  Use: Scroll            ||     1
Armor: Skin              ||    34
Dodge: Dodged            ||    69

Table legend: (Time is in decaauts)
 A = Elapsed time spent in this place.
 B = Non-inter-level travel time spent in this place.
 C = Inter-level travel time spent in this place.
 D = Time resting spent in this place.
 E = Time spent auto-exploring this place.
 F = Levels seen in this place.
 G = Mean time per level.
                   A        B        C        D        E       F      G
               +--------+--------+--------+--------+--------+-----+--------+
         Total |   1261 |   1236 |     25 |    142 |    882 |   2 |  630.5 |
       Dungeon |   1261 |   1236 |     25 |    142 |    882 |   2 |  630.5 |
               +--------+--------+--------+--------+--------+-----+--------+

Top non-repeatable levels by time:
     D:1: 1259 daAuts
     D:2: 1 daAuts
